 Dungeon Crawl Stone Soup version 0.26.0-7-g794d0892b4 (webtiles) character file.

Game seed: 9887657780738262313

11218 Rennog the Cleaver (level 11, -2/88 HPs)
             Began as a Deep Dwarf Fighter on Jan 12, 2021.
             Was a High Priest of Makhleb.
             Slain by a sixfirhy (11 damage)
             ... on level 2 of the Abyss.
             The game lasted 00:29:29 (8754 turns).

Rennog the Cleaver (Deep Dwarf Fighter)             Turns: 8754, Time: 00:29:30

Health: -2/88      AC: 21    Str: 21    XL:     11   Next: 46%
Magic:  6/6        EV: 11    Int:  9    God:    Makhleb [*****.]
Gold:   725        SH: 12    Dex: 20    Spells: 10/10 levels left

rFire    . . .     SeeInvis .   f - +0 hand axe (vorpal)
rCold    . . .     Faith    .   c - +0 kite shield
rNeg     . . .     Spirit   .   k - +0 plate armour
rPois    .         Reflect  .   (no helmet)
rElec    .         Harm     .   t - +1 cloak
rCorr    .         Rampage  .   (no gloves)
Will     +....                  N - +0 pair of boots
Stlth    ..........             y - amulet of magic regeneration
HPRegen  0.00/turn              g - +6 ring of dexterity
MPRegen  0.35/turn              z - +4 ring of protection

@: about to teleport, non-regenerating
A: damage resistance, heal wounds, deterioration 1, sense surroundings 2, sturdy
frame 1, no regeneration
a: Heal Wounds, Renounce Religion, Minor Destruction, Lesser Servant of Makhleb,
Major Destruction, Greater Servant of Makhleb


You were on level 2 of the Abyss.
You worshipped Makhleb.
Makhleb was extremely pleased with you.
You visited 1 branch of the dungeon, and saw 12 of its levels.
You visited the Abyss 1 time.

You collected 725 gold pieces.

Inventory:

Hand Weapons
 a - a +0 war axe
 f - a +0 vorpal hand axe (weapon)
Armour
 b - a +0 scale mail
 c - a +0 kite shield (worn)
 k - a +0 plate armour (worn)
 t - a +1 cloak (worn)
 N - a +0 pair of boots (worn)
Jewellery
 g - a +6 ring of dexterity (left hand)
 n - an uncursed ring of poison resistance
 q - a +4 ring of protection
 u - an uncursed amulet of guardian spirit
 y - an amulet of magic regeneration (around neck)
 z - a +4 ring of protection (right hand)
 C - an uncursed ring of stealth
 E - an uncursed ring of protection from fire
 L - a +4 ring of protection
 M - an uncursed ring of wizardry
 O - an uncursed ring of willpower {unknown}
Wands
 w - a wand of polymorph (18)
Scrolls
 d - a scroll of amnesia {unknown}
 e - a scroll of magic mapping
 i - 4 scrolls of remove curse
 p - 7 scrolls of enchant weapon
 A - a scroll of noise
 D - 2 scrolls of enchant armour
 G - 3 scrolls of blinking
 J - a scroll of fog {unknown}
 K - 2 scrolls of summoning {unknown}
Potions
 j - a potion of heal wounds {unknown}
 l - a potion of cancellation {unknown}
 m - a potion of brilliance {unknown}
 o - a potion of flight {unknown}
 r - 2 potions of invisibility
 s - 2 potions of attraction
 v - 3 potions of lignification
 x - a potion of experience {unknown}
 F - 4 potions of haste
 H - a potion of ambrosia {unknown}
 I - a potion of curing


   Skills:
 - Level 2.6 Fighting
 + Level 14.9 Axes
 + Level 8.1 Armour
 + Level 7.2 Dodging
 + Level 8.0 Shields


You had 10 spell levels left.
You didn't know any spells.
Your spell library contained the following spells:

 Spells                   Type           Power        Failure   Level
 Foxfire                  Conj/Fire      0%           100%        1
 Magic Dart               Conj           0%           100%        1
 Summon Small Mammal      Summ           0%           100%        1
 Blink                    Tloc           N/A          100%        2
 Call Imp                 Summ           0%           100%        2
 Slow                     Hex            0%           100%        2
 Call Canine Familiar     Summ           0%           100%        3
 Conjure Flame            Conj/Fire      0%           100%        3
 Ignite Poison            Fire/Tmut/Pois 0%           100%        3
 Inner Flame              Hex/Fire       0%           100%        3
 Mephitic Cloud           Conj/Pois/Air  0%           100%        3
 Summon Guardian Golem    Hex/Summ       0%           100%        3
 Sticky Flame             Conj/Fire      0%           100%        4
 Summon Ice Beast         Ice/Summ       0%           100%        4
 Summon Lightning Spire   Summ/Air       0%           100%        4
 Fireball                 Conj/Fire      0%           100%        5
 Irradiate                Conj/Tmut      0%           100%        5
 Hydra Form               Tmut           0%           100%        6
 Starburst                Conj/Fire      0%           100%        6
 Statue Form              Tmut/Erth      0%           100%        6
 Dragon Form              Tmut           0%           100%        7
 Ignition                 Fire           0%           100%        8


Dungeon Overview and Level Annotations

Branches:
Dungeon (12/15)            Temple (0/1) D:6            Lair (0/6) D:10
    Orc (0/2) D:11

Altars:
Dithmenos
Kikubaaqudgha
Makhleb
Nemelex Xobeh
Ru
Sif Muna
Trog
Wu Jian
Yredelemnul
Zin

Annotations:
D:7 3 runed translucent doors, 2 transporters, Demosthentine's ghost, novice FoFi; Menkaure
D:12 Sonja
Abyss:2 1 transporter


Innate Abilities, Weirdness & Mutations

You are resistant to damage.
You can heal yourself by infusing magical energy.
You passively map the area around you.
You do not regenerate.
Your body sometimes deteriorates upon taking damage.
Your movements are slightly less encumbered by armour. (ER -2)


Message History

You feel strangely unstable.
You feel the power of the Abyss delaying your translocation!
The sixfirhy hits you but does no damage.
You block the sixfirhy's attack. The sixfirhy misses you.
You block the sixfirhy's attack.
The sixfirhy hits you but does no damage.
The sixfirhy hits you. The sixfirhy shocks you!
The sixfirhy hits you but does no damage.
The daeva calls down the wrath of the Shining One upon you.
The Shining One smites you! The sixfirhy barely misses you.
The sixfirhy hits you.
* * * LOW HITPOINT WARNING * * *
The sixfirhy shocks you!
* * * LOW HITPOINT WARNING * * *
Tentacles burst from the starspawn's body! 2 starspawn tentacles come into view.
The sixfirhy hits you.
* * * LOW HITPOINT WARNING * * *
The sixfirhy shocks you!
You die...

.. #.. #..##..##..##.
..##..##..##..##..##.. .
.........XA.... ... ..
.......ww........... #.
#..##..##..##..# ..
##..##..##..##..# ..# ..
........................
........3..............
#..##.@##..##..##..##..
#..##..##..##..##..
....................
............. .. .
#..##..##..##.. #..##
#.. #..# ..# .. ... ....
.. .. .... ..


You could see a daeva, a tentacled starspawn, a sixfirhy and 2 starspawn
tentacles.

Vanquished Creatures
  2 two-headed ogres
  A sixfirhy (Abyss:2)
  2 manticores
  A gargoyle (D:10)
  A troll (D:9)
  A hornet (D:11)
  A shadow (D:11)
  A ynoxinul (Abyss:2)
  2 wyverns
  9 yaks
  A neqoxec (Abyss:2)
  Duvessa (D:7)
  3 ice beasts
  2 orc warriors
  A sky beast (D:7)
  An eye of draining (D:6)
  A black bear (D:7)
  2 necrophages
  12 ogres
  2 phantoms
  4 centaurs
  2 big kobolds (D:9)
  5 bullfrogs
  A wyvern zombie (D:10)
  Dowan (D:7)
  5 scorpions
  12 killer bees
  A howler monkey (D:5)
  A bullfrog zombie (D:8)
  2 quasits
  A centaur zombie (D:6)
  4 hounds
  4 jellies
  9 orc wizards
  3 orc priests
  Crazy Yiuf (D:2)
  2 bullfrog skeletons (D:8)
  2 centaur skeletons
  6 iguanas
  Terence (D:2)
  14 worker ants
  A hound zombie (D:11)
  2 hound skeletons
  A worker ant zombie (D:11)
  3 gnolls (D:2)
  5 adders
  3 shadow imps
  2 white imps
  2 ufetubi
  An adder zombie (D:7)
  An adder skeleton (D:4)
  4 worms
  2 dart slugs
  2 leopard geckos
  41 orcs
  11 bats
  8 giant cockroaches
  11 goblins
  8 hobgoblins
  11 jackals
  9 quokkas
  2 ball pythons
  3 frilled lizards
  A giant cockroach zombie (D:6)
  19 kobolds
  A leopard gecko skeleton (D:5)
  A quokka skeleton (D:5)
  A quokka zombie (D:5)
  6 rats
290 creatures vanquished.

Vanquished Creatures (others)
  4 plants (D:11)
  2 starspawn tentacles (Abyss:2)
6 creatures vanquished.

Grand Total: 296 creatures vanquished

Notes
Turn   | Place    | Note
-------+----------+-------------------------------------------
     0 | D:1      | Rennog the Deep Dwarf Fighter began the quest for the Orb.
     0 | D:1      | Reached XP level 1. HP: 20/20 MP: 1/1
   211 | D:1      | Reached skill level 3 in Axes
   219 | D:1      | Reached XP level 2. HP: 18/27 MP: 2/2
   959 | D:2      | Reached skill level 4 in Axes
   959 | D:2      | Reached XP level 3. HP: 18/33 MP: 3/3
  1025 | D:2      | Found a runed translucent door.
  1026 | D:2      | Noticed Crazy Yiuf
  1045 | D:2      | Noticed Terence
  1072 | D:2      | Killed Terence
  1073 | D:2      | Reached XP level 4. HP: 23/40 MP: 4/4
  1150 | D:2      | Reached skill level 5 in Axes
  1906 | D:3      | Found a sparkling altar of Nemelex Xobeh.
  2174 | D:3      | Found an ornate altar of the Wu Jian Council.
  2248 | D:3      | Reached skill level 6 in Axes
  2248 | D:3      | Reached XP level 5. HP: 42/46 MP: 4/4
  2407 | D:2      | Killed Crazy Yiuf
  3241 | D:4      | Found a shimmering blue altar of Sif Muna.
  3327 | D:4      | Noticed an ogre
  3355 | D:4      | Killed an ogre
  3356 | D:4      | Reached skill level 7 in Axes
  3356 | D:4      | Reached XP level 6. HP: 32/55 MP: 5/5
  3441 | D:5      | Entered Level 5 of the Dungeon
  3568 | D:5      | Reached skill level 8 in Axes
  3595 | D:5      | Reached XP level 7. HP: 57/61 MP: 6/6
  3703 | D:5      | Reached skill level 9 in Axes
  3857 | D:5      | Found a burning altar of Makhleb.
  3867 | D:5      | Became a worshipper of Makhleb the Destroyer
  4194 | D:6      | Found a staircase to the Ecumenical Temple.
  4254 | D:6      | Reached skill level 10 in Axes
  4308 | D:6      | Reached XP level 8. HP: 35/68 MP: 7/7
  4456 | D:6      | Found a burning altar of Makhleb.
  4469 | D:6      | Reached skill level 1 in Dodging
  4471 | D:6      | Got an encrusted falchion
  4472 | D:6      | Identified the cursed +0 falchion "Haval" {vorpal, rC+++
                  | rN+ Str+3 Dex-3} (You found it on level 6 of the Dungeon)
  4484 | D:6      | Reached * piety under Makhleb
  4821 | D:6      | Found a bloodstained altar of Trog.
  4857 | D:6      | Reached skill level 11 in Axes
  4972 | D:7      | Found a sacrificial altar of Ru.
  4988 | D:7      | Noticed Duvessa
  4988 | D:7      | Noticed Dowan
  5008 | D:7      | Killed Duvessa
  5009 | D:7      | Reached skill level 5 in Armour
  5009 | D:7      | Reached skill level 5 in Shields
  5009 | D:7      | Gained mutation: You passively map the area around you.
                  | [Deep Dwarf growth]
  5009 | D:7      | Reached XP level 9. HP: 35/74 MP: 7/7
  5021 | D:7      | Killed Dowan
  5180 | D:7      | Reached ** piety under Makhleb
  5261 | D:7      | Found a glowing silver altar of Zin.
  5448 | D:7      | Found a runed translucent gate.
  5449 | D:7      | Found a runed translucent gate.
  5449 | D:7      | Found a runed translucent gate.
  5450 | D:7      | Noticed Demosthentine's ghost (novice FoFi)
  5554 | D:7      | Found a transporter.
  5562 | D:7      | Noticed Menkaure
  5565 | D:7      | Found a basalt altar of Yredelemnul.
  5575 | D:7      | Found an ancient bone altar of Kikubaaqudgha.
  5578 | D:7      | Found a transporter.
  6005 | D:8      | Reached skill level 12 in Axes
  6217 | D:8      | Reached *** piety under Makhleb
  6477 | D:9      | Noticed a two-headed ogre
  6488 | D:9      | Killed a two-headed ogre
  6489 | D:9      | Reached skill level 13 in Axes
  6489 | D:9      | Reached XP level 10. HP: 48/81 MP: 8/8
  6798 | D:9      | Reached skill level 14 in Axes
  7142 | D:10     | Entered Level 10 of the Dungeon
  7247 | D:10     | Found a staircase to the Lair.
  7335 | D:10     | Reached skill level 5 in Dodging
  7339 | D:10     | Reached **** piety under Makhleb
  7422 | D:10     | Noticed a gargoyle
  7813 | D:10     | Killed a gargoyle
  7950 | D:11     | Noticed a manticore
  7977 | D:11     | Reached XP level 11. HP: 62/88 MP: 8/8
  8126 | D:11     | Noticed a tengu warrior
  8266 | D:12     | Found a shadowy altar of Dithmenos.
  8273 | D:12     | Noticed a two-headed ogre
  8289 | D:12     | Killed a two-headed ogre
  8488 | D:12     | Noticed a boulder beetle
  8491 | D:12     | Noticed Sonja
  8503 | D:12     | Cast into level 2 of the Abyss (Sonja)
  8531 | Abyss:2  | Noticed a sixfirhy
  8601 | Abyss:2  | Killed a sixfirhy
  8601 | Abyss:2  | Reached ***** piety under Makhleb
  8606 | Abyss:2  | Noticed a spatial maelstrom
  8629 | Abyss:2  | Found a corrupted altar of Lugonu.
  8665 | Abyss:2  | Noticed a great orb of eyes
  8679 | Abyss:2  | Noticed a tentacled starspawn
  8681 | Abyss:2  | Noticed a tentacled starspawn
  8682 | Abyss:2  | Noticed a vampire mage
  8683 | Abyss:2  | Found a transporter.
  8683 | Abyss:2  | Noticed a wretched star
  8712 | Abyss:2  | Gained mutation: Your body sometimes deteriorates upon
                  | taking damage. [a neqoxec]
  8716 | Abyss:2  | Gained mutation: Your movements are slightly less
                  | encumbered by armour. (ER -2) [a neqoxec]
  8733 | Abyss:2  | Noticed a sixfirhy
  8742 | Abyss:2  | Noticed a tentacled starspawn
  8745 | Abyss:2  | Noticed a daeva
  8754 | Abyss:2  | Slain by a sixfirhy

Illustrated notes

Levels and vault maps discovered:
D:1:      lemuel_arrival_behind_the_door_small, layout_loops_ring
D:2:      layout_basic, minmay_puff, uniq_terence, uniq_crazy_yiuf_cottage
D:3:      layout_basic, lemuel_doored_altar, general_overflow_altar
D:4:      layout_loops_corners, lemuel_blue_sif_altar
D:5:      layout_loops_ring, basic_altar
D:6:      layout_basic, trog_eyes_of_draining, old_standard_altar,
          minmay_temple_entry_sparse_star, hex_large
D:7:      layout_loops_ring, gammafunk_temple_of_torment, lemuel_crystal_altar,
          gammafunk_ghost_necromancy, solitary_fountain,
          nicolae_ru_awakened_eye, uniq_duvessa
D:8:      layout_rooms
D:9:      layout_long_grid
D:10:     layout_layer_cave, lair_entry_dummy, minmay_misc_feat_enclosed,
          hangedman_corner_corridor
D:11:     layout_big_octagon, hiddenorc1_lemuel, serial_bayou_pond_a
D:12:     layout_roguey [special_room_bee], basic_altar, uniq_sonja
Abyss:2:  base: D:8, hangedman_eye_storm, base: D:8, evilmike_abyss_exit_4,
          gammafunk_corrupted_shrine

Skill      XL: |  1  2  3  4  5  6  7  8  9 10 11 |
---------------+----------------------------------+-----
Axes           | 3 4 6 7 8 10 11 13 14 | 14.9
Dodging        | 3 4 6 7 |  7.2
Armour         | 5 7 8 |  8.1
Shields        | 5 7 8 |  8.0
Fighting       | |  2.6

Action                   |  1- 3 |  4- 6 |  7- 9 | 10-12 || total
-------------------------+-------+-------+-------+-------++-------
Melee: War axe           |    45 |       |       |       ||    45
       Hand axe          |    57 |   217 |   615 |   558 ||  1447
       Falchion          |       |       |    14 |       ||    14
Invok: Minor Destruction |       |       |       |     1 ||     1
 Abil: Heal Wounds       |     1 |     4 |     6 |    17 ||    28
  Use: Potion            |       |     1 |     1 |     2 ||     4
       Scroll            |       |       |     2 |    14 ||    16
Armor: Scale mail        |    43 |    10 |       |       ||    53
       Plate armour      |       |    91 |   204 |   279 ||   574
Dodge: Dodged            |    21 |    21 |    82 |   170 ||   294
Block: Kite shield       |    65 |    89 |   238 |   324 ||   716
       Rpst.: Falchion   |       |       |     1 |       ||     1
